 Dungeon Crawl Stone Soup version 0.30.1-11-g7821555f0a (webtiles) character file.

Game seed: 12839493936923601082

196 Ekaitz the Gusty (level 5, 0/29 HPs)
             Began as a Tengu Air Elementalist on Dec 20, 2023.
             Engulfed by a cloud of flame (19 damage)
             ... on level 3 of the Dungeon.
             The game lasted 00:05:04 (3112 turns).

Ekaitz the Gusty (Tengu Air Elementalist)           Turns: 3112, Time: 00:05:05

Health: 0/29       AC:  3    Str:  8    XL:     5   Next: 75%
Magic:  10/10      EV: 30    Int: 17    God:
Gold:   1341       SH:  0    Dex: 15    Spells: 3/9 levels left

rFire   . . .        c - +0 dagger
rCold   . . .        (no shield)
rNeg    . . .        a - +0 robe
rPois   .            (helmet restricted)
rElec   .            (no cloak)
rCorr   .            r - +0 pair of gloves
SInv    .            (boots unavailable)
Will    .....        p - amulet of the acrobat
Stlth   ++           (no ring)
HPRegen 0.24/turn    (no ring)
MPRegen 0.12/turn

%: acrobat
@: weak-willed, acrobatic, flying quickly and evasively, quick
A: beak, talons 3, nimble flight
a: no special abilities


You were on level 3 of the Dungeon.
You visited 1 branch of the dungeon, and saw 3 of its levels.

You collected 1341 gold pieces.

Inventory:

Hand Weapons
 c - a +0 dagger (weapon)
 m - a +3 sling
Missiles
 i - 9 poisoned darts
Armour
 a - a +0 robe (worn)
 r - a +0 pair of gloves (worn)
Jewellery
 p - an amulet of the acrobat (around neck)
Scrolls
 f - a scroll of identify
 g - a scroll of fear
 h - a scroll of noise
 j - a scroll of amnesia
 l - a scroll of enchant armour
 n - 3 scrolls of immolation
Potions
 b - 2 potions of magic
 d - a potion of cancellation {unknown}
 k - 2 potions of curing {unknown}
 o - 2 potions of mutation {unknown}
 s - a potion of flight {unknown}


   Skills:
 * Level 1.4 Fighting
 * Level 2.9 Dodging
 + Level 2.5 Stealth
 + Level 2.6 Spellcasting
 * Level 3.1 Conjurations
 * Level 0.9 Translocations
 * Level 5.6 Air Magic


You had 3 spell levels left.
You knew the following spells:

 Your Spells              Type           Power      Damage    Failure   Level
a - Shock                 Conj/Air       68%        1d7       3%          1
b - Static Discharge      Conj/Air       34%        2-4/arc   4%          2
c - Vhi's Electric Charg  Tloc/Air       26%        N/A       14%         3

Your spell library contained the following spells:

 Spells                   Type           Power      Damage    Failure   Level
 Swiftness                Air            21%        N/A       5%          3
 Airstrike                Air            10%        2d(2-18)  19%         4
 Arcjolt                  Conj/Air       8%         1d18      63%         5
 Maxwell's Capacitive Co  Air            10%        ∞         100%        8


Dungeon Overview and Level Annotations

Branches:
Dungeon (3/15)

Altars:

Annotations:
D:3 Ijyb


Innate Abilities, Weirdness & Mutations

You have a beak for a mouth.
You have claws for feet.
Your magical nature lets you fly swiftly and evasively.


Message History

The hobgoblin closely misses you.
Casting: Vhi's Electric Charge (quite dangerous; 14% risk of failure)
Confirm with . or Enter, or press ? or * to list all spells.
Aiming: Shock (safe; 3% risk of failure)
Press: ? - help, Shift-Dir - straight line, p - hobgoblin The zap hits the hobgoblin.
The hobgoblin is almost dead.
The zap hits the hobgoblin.
You kill the hobgoblin!
Unknown command.
You now have 132 gold pieces (gained 16).
You now have 137 gold pieces (gained 5).
You now have 142 gold pieces (gained 5).
You now have 161 gold pieces (gained 19).
You now have 178 gold pieces (gained 17).
You start resting.
Magic restored.
You start resting.
HP restored.
As you read the scroll labelled JOIZXACOIQ, it crumbles to dust.
It is a scroll of identify.
n - 3 scrolls of immolation
As you read the scroll labelled SATALU QIONT, it crumbles to dust.
Magic quickly surges around you.
It was a scroll of vulnerability.
As you read the scroll of identify, it crumbles to dust.
g - a scroll of fear
As you read the scroll of identify, it crumbles to dust.
h - a scroll of noise
As you read the scroll of identify, it crumbles to dust.
j - a scroll of amnesia
As you read the scroll of identify, it crumbles to dust.
l - a scroll of enchant armour This is a scroll of acquirement!
Something appears before you!
You now have 1341 gold pieces (gained 1163).
Really fly into a travel-excluded area?
You are engulfed in blazing flames.
You are engulfed in blazing flames.
Ouch! That really hurt!
You die...

##... #...# #○°○#
#☼☼§# #. #☼§○# ##.
######...#####..#
##.°○§.....§○○...####
#..§☼☼.....°☼○.......
#..○@§.....☼☼°....##.
#.#####..†#####......
# #°§§# #.#..#. #☼☼☼#
#.##.#. #○○§# #.##.#.
#####...#####....#.
................##.
###>...............
#.########.#.....


There were no monsters in sight!

Vanquished Creatures
  Natasha (thrice) (D:2)
  3 gnolls (D:3)
  4 adders
  2 worms (D:2)
  2 dart slugs
  3 ball pythons (D:1)
  4 endoplasms
  A giant cockroach (D:3)
  7 goblins
  6 hobgoblins
  3 quokkas
  3 bats (D:1)
  4 frilled lizards
  4 kobolds
  6 rats
55 creatures vanquished.

Notes
Turn   | Place    | Note
-------+----------+-------------------------------------------
     0 | D:1      | Ekaitz the Tengu Air Elementalist began the quest for the
                  | Orb.
     0 | D:1      | Reached XP level 1. HP: 10/10 MP: 4/4
   220 | D:1      | Reached XP level 2. HP: 15/15 MP: 1/6
   417 | D:1      | Learned a level 2 spell: Static Discharge
   943 | D:1      | Reached XP level 3. HP: 19/19 MP: 4/7
   947 | D:1      | Learned a level 3 spell: Vhi's Electric Charge
  1481 | D:2      | Reached skill level 5 in Air Magic
  1759 | D:2      | Reached XP level 4. HP: 24/24 MP: 3/8
  2103 | D:2      | Noticed Natasha
  2107 | D:2      | Killed Natasha
  2108 | D:2      | Reached skill level 1 in Fighting
  2264 | D:2      | Noticed Natasha
  2270 | D:2      | Killed Natasha
  2271 | D:2      | Gained mutation: Your magical nature lets you fly swiftly
                  | and evasively. [Tengu growth]
  2271 | D:2      | Reached XP level 5. HP: 28/29 MP: 1/9
  2369 | D:2      | Noticed Natasha
  2376 | D:2      | Killed Natasha
  2918 | D:3      | Noticed Ijyb
  3107 | D:3      | Identified a scroll of acquirement
  3107 | D:3      | Acquired 1163 gold pieces
  3112 | D:3      | Engulfed by a cloud of flame

Illustrated notes

Levels and vault maps discovered:
D:1:      dpeg_arrival_tiny_h, layout_loops_ring
D:2:      layout_loops_corners, serial_forest, infiniplex_forest_lined_1,
          infiniplex_forest_end_3, infiniplex_forest_end_1,
          infiniplex_forest_straight_2, infiniplex_forest_straight_4,
          infiniplex_forest_end_double, minmay_hedge_maze, uniq_natasha
D:3:      layout_basic, lemuel_flame_loot_1, uniq_ijyb

Skill      XL: |  1  2  3  4  5 |
---------------+----------------+-----
Air Magic      | 5 |  5.6
Conjurations   | 2 3 |  3.1
Fighting       | 1 |  1.4
Dodging        | |  2.9
Stealth        | |  2.5
Spellcasting   | |  2.6
Translocations | |  0.9

Action                     |  1- 3 |  4- 6 || total
---------------------------+-------+-------++-------
  Melee: Dagger            |    20 |    18 ||    38
         Kick              |     8 |     6 ||    14
         Peck              |     3 |     1 ||     4
   Cast: Shock             |    58 |    35 ||    93
         Static Discharge  |     1 |     5 ||     6
         Vhi's Electric Ch |       |     2 ||     2
    Use: Scroll            |       |     7 ||     7
   Stab: Sleeping          |     1 |     2 ||     3
  Dodge: Dodged            |    19 |    21 ||    40
